 Dungeon Crawl Stone Soup version 0.21.1-1-g345015f (webtiles) character file.

1047 Solrac the Shield-Bearer (level 8, 0/63 HPs)
             Began as a Formicid Fighter on Mar 20, 2018.
             Slain by an orc warrior
             ... wielding a +0 halberd
              (4 damage)
             ... on level 4 of the Dungeon.
             The game lasted 00:33:12 (6163 turns).

Solrac the Shield-Bearer (Formicid Fighter)         Turns: 6163, Time: 00:33:13

Health: 0/63       AC: 10    Str: 21    XL:     8   Next: 50%
Magic:  0/8        EV:  7    Int:  8    God:
Gold:   307        SH: 11    Dex: 12    Spells: 7/7 levels left

rFire    . . .     SeeInvis +   a - +1 flail
rCold    . . .     Gourm    .   c - +1 shield
rNeg     . . .     Faith    .   y - +0 chain mail
rPois    .         Spirit   +   (helmet unavailable)
rElec    .         Reflect  .   (no cloak)
rCorr    .         Harm     .   (no gloves)
MR       .....                  (no boots)
Stlth    ..........             j - amulet of guardian spirit
HPRegen  0.20/turn              (no ring)
MPRegen  0.11/turn              (no ring)

@: no status effects
A: permanent stasis, dig shafts and tunnels, four strong arms, antennae 3
a: Dig, Shaft Self


You were on level 4 of the Dungeon.
You were not hungry.

You visited 1 branch of the dungeon, and saw 5 of its levels.
You also visited: Sewer and Ossuary.

You collected 307 gold pieces.

Inventory:

Hand Weapons
 a - a +1 flail (weapon)
Missiles
 g - 2 tomahawks
 m - 144 stones (quivered)
Armour
 b - a +0 scale mail
 c - a +1 shield (worn)
 i - the +2 scale mail of Anarchy {Str-5 Dex+6}
   (You found it on level 4 of the Dungeon)

   It affects your strength (-5).
   It affects your dexterity (+6).
 y - a +0 chain mail (worn)
Jewellery
 j - an amulet of guardian spirit (around neck)
Scrolls
 e - 2 scrolls of magic mapping
 h - 4 scrolls of enchant weapon
 k - 4 scrolls of remove curse
 u - 2 scrolls of enchant armour
Potions
 d - 3 potions of might
 n - a potion of lignification {unknown}
 o - a potion of flight {unknown}
 p - 4 potions of agility
 r - 2 potions of mutation {unknown}
 s - 2 potions of degeneration {unknown}
 t - 4 potions of heal wounds {unknown}
 v - a potion of haste {unknown}
 w - a potion of magic {unknown}
 x - 2 potions of brilliance {unknown}
Books
 q - the Reference Book on Entrancing Translocation
   (You found it on level 4 of the Dungeon)

   Spells                             Type                      Level
   a - Corona                         Hexes                        1
   b - Tukima's Dance                 Hexes                        3
   c - Discord                        Hexes                        8
   d - Disjunction                    Translocation                8
Comestibles
 f - 4 rations


   Skills:
 + Level 5.6 Fighting
 * Level 5.9 Maces & Flails
 + Level 5.6 Armour
 + Level 6.5 Shields


You had 7 spell levels left.
You didn't know any spells.

Dungeon Overview and Level Annotations

Branches:
Dungeon (5/15)
 Temple: D:4-7

Altars:
Elyvilon
Fedhas
Okawaru
Ru
Sif Muna
Zin


Innate Abilities, Weirdness & Mutations

You cannot be hasted, slowed, berserked, paralysed or teleported.
You can dig through walls and to a lower floor.
Your four strong arms can wield two-handed weapons with a shield.
You have a pair of large antennae on your head. (SInv)


Message History

You block the orc warrior's attack.
You barely miss the orc warrior.
The orc warrior is heavily wounded.
The orc wizard hits you but does no damage.
You block the orc warrior's attack.
Unknown command.
Your shield and chain mail prevent you from hitting the orc warrior.
The orc warrior is heavily wounded.
You block the orc wizard's attack. You block the orc warrior's attack.
The orc wizard gestures at you while chanting.
The magic dart hits you!
You barely miss the orc warrior.
The orc warrior is heavily wounded.
You block the orc warrior's attack.
The orc wizard points at you and mumbles some strange words.
The magic dart hits you!
Your chain mail prevents you from hitting the orc warrior.
The orc warrior is heavily wounded.
The orc warrior hits you with a halberd.
You die...

### ##.# #.## ##..# ##
### ##o.### ##[..# #.
..########o.#..####....#
##
.........>.####........##
# ....#.....##
#.........# ##
########..# ##..#......##
###. # ##..#
#.oo##......#####...
#...#
#..@###......##.....
#..## #...#
##............
##..#####..##
###..........
######.....##...#
##.........
..##........#...#
#.........
...##############
##........ ...#
###......... #..# ♣♣♣
###........... #..# ♣♣♣.♣
###.....#.......


You could see an orc warrior and an orc wizard.

Vanquished Creatures
  2 ogres (D:4)
  2 bullfrogs (Sewer)
  Blork the orc (D:4)
  A scorpion (D:3)
  2 centaur zombies (Ossuary)
  3 orc wizards
  An iguana (D:4)
  3 worker ants (D:4)
  A big kobold zombie (Ossuary)
  3 ogre zombies (Ossuary)
  A hound skeleton (D:4)
  7 mummies
  5 adders
  An ooze (D:2)
  3 adder zombies (Ossuary)
  3 worms
  3 dart slugs (D:1)
  7 leopard geckos
  6 orcs
  24 giant cockroaches
  A gnoll zombie (Ossuary)
  9 goblins
  9 hobgoblins
  3 jackals (D:4)
  5 kobolds
  A quokka (D:4)
  5 ball pythons
  9 bats
  18 frilled lizards
  2 goblin zombies (Ossuary)
  6 hobgoblin zombies (Ossuary)
  5 kobold zombies (Ossuary)
  2 orc zombies (Ossuary)
  3 quokka zombies (Ossuary)
  6 rats
  2 rat zombies (Ossuary)
165 creatures vanquished.

Notes
Turn   | Place    | Note
-------+----------+-------------------------------------------
     0 | D:1      | Solrac the Formicid Fighter began the quest for the Orb.
     0 | D:1      | Reached XP level 1. HP: 18/18 MP: 1/1
    82 | D:1      | Reached XP level 2. HP: 16/24 MP: 2/2
   200 | D:1      | Reached skill level 4 in Shields
   344 | D:1      | Reached XP level 3. HP: 20/29 MP: 3/3
  1024 | D:2      | Reached XP level 4. HP: 20/37 MP: 4/4
  1822 | D:2      | Found a glowing silver altar of Zin.
  1835 | D:2      | Found a white marble altar of Elyvilon.
  1895 | D:3      | Reached XP level 5. HP: 42/42 MP: 5/5
  1932 | D:3      | Found a faded altar of an unknown god.
  2072 | D:3      | Found a glowing drain.
  2081 | Sewer    | Entered a sewer
  2183 | Sewer    | Reached skill level 5 in Shields
  2460 | Sewer    | Noticed a bullfrog
  2472 | Sewer    | Killed a bullfrog
  2472 | Sewer    | Reached XP level 6. HP: 38/48 MP: 3/6
  3077 | D:3      | Reached XP level 7. HP: 39/55 MP: 5/7
  3478 | D:4      | Found a blossoming altar of Fedhas.
  3490 | D:4      | Reached skill level 5 in Fighting
  3490 | D:4      | Reached skill level 5 in Armour
  3614 | D:4      | Found an iron altar of Okawaru.
  3624 | D:4      | Found a sacrificial altar of Ru.
  3627 | D:4      | Found a deep blue altar of Sif Muna.
  3628 | D:4      | Got a translucent scale mail
  3676 | D:4      | Identified the Reference Book on Entrancing Translocation
  3721 | D:4      | Noticed Blork the orc
  3730 | D:4      | Killed Blork the orc
  3730 | D:4      | Reached skill level 5 in Maces & Flails
  3730 | D:4      | Reached skill level 6 in Shields
  3768 | D:4      | Found a sand-covered staircase.
  3774 | Ossuary  | Entered an ossuary
  4136 | Ossuary  | Reached XP level 8. HP: 61/62 MP: 6/8
  5298 | D:4      | Found a deep blue altar of Sif Muna.
  5727 | D:4      | Identified the +2 scale mail of Anarchy {Str-5 Dex+6} (You found it on level 4 of the Dungeon)
  5851 | D:5      | Entered Level 5 of the Dungeon
  6159 | D:4      | HP: 3/63 [orc wizard/puff of flame (6)]
  6163 | D:4      | Slain by an orc warrior

Skill      XL: |  1  2  3  4  5  6  7 |
---------------+----------------------+-----
Shields        | 4 5 6 |  6.5
Fighting       | 4 5 |  5.6
Armour         | 4 5 |  5.6
Maces & Flails | 3 4 5 |  5.9

Action                   |  1- 3 |  4- 6 |  7- 9 || total
-------------------------+-------+-------+-------++-------
Melee: Flail             |   125 |   314 |   291 ||   730
 Abil: Dig               |       |     1 |       ||     1
  Use: Scroll            |       |     8 |     5 ||    13
  Eat: Chunk             |     1 |     7 |     7 ||    15
       Ration            |       |       |     1 ||     1
Armor: Scale mail        |    42 |   229 |    58 ||   329
       Chain mail        |       |       |    15 ||    15
Dodge: Dodged            |    41 |   166 |    70 ||   277
Block: Shield            |    70 |   300 |   161 ||   531
